 Dungeon Crawl Stone Soup version 0.21-a0-125-gb006224 (webtiles) character file.

6693 4thArraOfDagon the Geomancer (level 10, -8/69 HPs)
             Began as a Demigod Earth Elementalist on July 14, 2017.
             Shot with an arrow by a centaur warrior (18 damage)
             ... on level 12 of the Dungeon.
             The game lasted 00:18:48 (3916 turns).

4thArraOfDagon the Geomancer (DgEE)                 Turns: 3916, Time: 00:18:49

Health: -8/69      AC: 14    Str: 18    XL:     10   Next: 46%
Magic:  14/24      EV: 11    Int: 25    God:
Gold:   259        SH:  0    Dex: 14    Spells: 15/23 levels left

rFire    . . .     SeeInvis .   K - +1 quarterstaff "Ewnu" {crush, rPois}
rCold    . . .     Gourm    .   (shield currently unavailable)
rNeg     . . .     Faith    .   B - +5 ring mail of Tainlaul {Str+7 Dex-2}
rPois    +         Spirit   .   (no helmet)
rElec    .         Reflect  .   C - +0 cloak
rCorr    .         Harm     .   (no gloves)
MR       +....                  A - +2 pair of boots
Stlth    +.........             (no amulet)
HPRegen  0.21/turn              (no ring)
MPRegen  0.19/turn              (no ring)

@: no status effects
A: high mp 1
a: no special abilities


You were on level 12 of the Dungeon.
You were not hungry.

You visited 1 branch of the dungeon, and saw 12 of its levels.

You collected 259 gold pieces.

Inventory:

Hand Weapons
 h - a +0 club
 l - a +0 mace
 y - a +0 morningstar
 K - the +1 quarterstaff "Ewnu" (weapon) {crush, rPois}
   (You found it on level 10 of the Dungeon)

   It inflicts extra damage upon your enemies.
   It protects you from poison.
Missiles
 b - 138 stones (quivered)
 D - 2 javelins
Armour
 c - a +0 robe
 m - a +0 ring mail
 A - a +2 pair of boots (worn)
 B - the +5 ring mail of Tainlaul (worn) {Str+7 Dex-2}
   (You found it on level 10 of the Dungeon)

   It affects your strength (+7).
   It affects your dexterity (-2).
 C - a +0 cloak (worn)
 G - a +2 ring mail of fire resistance
Jewellery
 E - an uncursed ring of fire
 L - an uncursed ring of ice
Wands
 g - a wand of iceblast (11/15)
 o - a wand of iceblast (1/15)
Scrolls
 f - 2 scrolls of blinking
 i - 2 scrolls of teleportation {unknown}
 n - a scroll of enchant weapon {unknown}
 s - a scroll of remove curse
 u - a scroll of fear
 F - a scroll of amnesia {unknown}
 I - a scroll of torment {unknown}
 J - a scroll of enchant armour {unknown}
 M - a scroll of magic mapping {unknown}
Potions
 k - a potion of cancellation {unknown}
 p - a potion of curing
 q - a potion of ambrosia {unknown}
 r - 2 potions of flight
 v - a potion of lignification
 w - a potion of haste {unknown}
 z - a potion of berserk rage
Books
 e - a book of Geomancy

   Spells                             Type                      Level
   a - Sandblast                      Earth                        1
   b - Passwall                       Transmutation/Earth          2
   c - Stone Arrow                    Conjuration/Earth            3
   d - Petrify                        Transmutation/Earth          4
   e - Lee's Rapid Deconstruction     Earth                        5
 t - a book of Callings

   Spells                             Type                      Level
   a - Summon Small Mammal            Summoning                    1
   b - Call Imp                       Summoning                    2
   c - Call Canine Familiar           Summoning                    3
   d - Summon Guardian Golem          Hexes/Summoning              3
   e - Summon Lightning Spire         Summoning/Air                4
   f - Summon Ice Beast               Ice/Summoning                4
 H - a book of Misfortune

   Spells                             Type                      Level
   a - Confusing Touch                Hexes                        1
   b - Confuse                        Hexes                        3
   c - Gell's Gravitas                Translocation                3
   d - Petrify                        Transmutation/Earth          4
   e - Metabolic Englaciation         Hexes/Ice                    5
   f - Yara's Violent Unravelling     Hexes/Transmutation          5
Comestibles
 d - a bread ration
 j - 4 meat rations
 x - 2 royal jellies


   Skills:
 - Level 1.7 Dodging
 - Level 1.7 Stealth
 - Level 7.0 Spellcasting
 - Level 0.8 Transmutations
 * Level 13.0 Earth Magic


You had 15 spell levels left.
You knew the following spells:

 Your Spells              Type           Power        Failure   Level  Hunger
a - Sandblast             Erth           ######       1%          1    None
b - Lee's Rapid Deconstr  Erth           ######....   1%          5    #####..
c - Passwall              Tmut/Erth      #####.....   1%          2    None


Dungeon Overview and Level Annotations

Branches:
Dungeon (12/15)              Lair (0/6) D:10
 Temple: D:4-7          Orc: D:9-12

Shops:
D:11 [

Annotations:
D:2 Sigmund


Innate Abilities, Weirdness & Mutations

You have an increased reservoir of magic. (+10% MP)


Message History

The arrow burns you.
* * * LOW HITPOINT WARNING * * *
Unknown command.
Unknown command.
Casting: Lee's Rapid Deconstruction
Confirm with . or Enter, or press ? or * to list all spells.
Aiming: Lee's Rapid Deconstruction
Press: ? - help, Dir - move target cursor
Okay, then.
Unknown command.
Evoke which item? (* to show all) (? for menu, Esc to quit)
Aiming: Iceblast
Press: ? - help, Shift-Dir - straight line The mass of ice explodes!
The iceblast engulfs the centaur warrior.
The centaur warrior is almost dead.
This wand has 1 charge left.
The centaur shoots an arrow.
The arrow hits you.
* * * LOW HITPOINT WARNING * * *
The centaur warrior shoots an arrow.
The arrow hits you!!
You die...

#############
............#
............#
.........(..#
.........(..#
.......<.@..#
...#######..#
..# ..# ..#


cc. ...# ..## You could see a centaur warrior and a centaur.

Vanquished Creatures
  2 two-headed ogres (D:11)
  2 deep elf magi (D:11)
  Maurice (D:8)
  A komodo dragon (D:11)
  3 yaks (D:11)
  An orc warrior (D:11)
  3 ice beasts
  2 sky beasts
  9 centaurs
  4 ogres
  3 big kobolds
  2 bullfrogs
  A scorpion (D:8)
  3 killer bees (D:10)
  A howler monkey (D:11)
  4 crimson imps
  5 hounds
  2 orc wizards
  2 centaur zombies (D:9)
  4 centaur skeletons
  Natasha (D:2)
  9 worker ants
  A killer bee zombie (D:6)
  A hound skeleton (D:6)
  A howler monkey zombie (D:5)
  5 adders
  A shadow imp (D:10)
  2 dart slugs (D:2)
  4 leopard geckos
  8 orcs
  A giant cockroach (D:1)
  4 jackals (D:2)
  2 quokkas (D:4)
  7 bats
  5 frilled lizards
  11 kobolds
  A leopard gecko zombie (D:8)
  4 rats
123 creatures vanquished.

Vanquished Creatures (others)
  A bullfrog (D:9)
  2 quokkas (D:9)
3 creatures vanquished.

Grand Total: 126 creatures vanquished

Notes
Turn   | Place    | Note
-------+----------+-------------------------------------------
     0 | D:1      | 4thArraOfDagon the Demigod Earth Elementalist began the quest for the Orb.
     0 | D:1      | Reached XP level 1. HP: 14/14 MP: 5/5
   102 | D:2      | Reached skill level 3 in Earth Magic
   116 | D:2      | Noticed a fire elemental
   118 | D:2      | Found a stormy altar of Qazlal.
   119 | D:2      | Noticed an air elemental
   119 | D:2      | Noticed an earth elemental
   119 | D:2      | Noticed a water elemental
   151 | D:2      | Noticed Sigmund
   170 | D:2      | Reached XP level 2. HP: 18/20 MP: 5/7
   345 | D:2      | Found a deep blue altar of Sif Muna.
   497 | D:2      | Noticed Natasha
   530 | D:2      | Killed Natasha
   530 | D:2      | Reached skill level 4 in Earth Magic
   530 | D:2      | Reached XP level 3. HP: 25/26 MP: 3/8
   642 | D:4      | Reached XP level 4. HP: 33/33 MP: 5/9
   681 | D:4      | Reached skill level 5 in Earth Magic
   751 | D:4      | Noticed a phantom
   759 | D:4      | Reached XP level 5. HP: 38/38 MP: 7/10
   769 | D:4      | Learned a level 5 spell: Lee's Rapid Deconstruction
   782 | D:4      | Noticed a phantom
   806 | D:5      | Entered Level 5 of the Dungeon
   864 | D:5      | Found a blossoming altar of Fedhas.
   941 | D:6      | Noticed a sky beast
   944 | D:6      | Killed a sky beast
   944 | D:6      | Reached skill level 6 in Earth Magic
   992 | D:6      | Noticed a centaur
  1008 | D:6      | Killed a centaur
  1008 | D:6      | Reached XP level 6. HP: 28/45 MP: 7/12
  1397 | D:8      | Reached skill level 7 in Earth Magic
  1509 | D:8      | Learned a level 2 spell: Passwall
  1613 | D:8      | Noticed Maurice
  1631 | D:8      | Reached XP level 7. HP: 36/50 MP: 14/14
  1638 | D:8      | Killed Maurice
  1638 | D:8      | Reached skill level 8 in Earth Magic
  1904 | D:9      | Found a hazy altar of Hepliaklqana.
  1954 | D:9      | Reached XP level 8. HP: 45/57 MP: 13/17
  2024 | D:9      | Reached skill level 9 in Earth Magic
  2205 | D:10     | Entered Level 10 of the Dungeon
  2433 | D:10     | Reached skill level 5 in Spellcasting
  2510 | D:10     | Found a shimmering altar of Xom.
  2520 | D:10     | Got a fine quarterstaff
  2521 | D:10     | Identified the cursed +1 quarterstaff "Ewnu" {crush, rPois} (You found it on level 10 of the Dungeon)
  2522 | D:10     | MEH
  2528 | D:10     | uhh
  2591 | D:10     | Got a shimmering ring mail
  2602 | D:10     | Identified the +5 ring mail of Tainlaul {Str+7 Dex-2} (You found it on level 10 of the Dungeon)
  2602 | D:10     | MEH
  2632 | D:10     | Found a staircase to the Lair.
  2686 | D:10     | Reached skill level 10 in Earth Magic
  2963 | D:11     | Noticed a two-headed ogre
  2976 | D:11     | Killed a two-headed ogre
  2976 | D:11     | Reached XP level 9. HP: 62/62 MP: 3/21
  3245 | D:11     | Reached skill level 11 in Earth Magic
  3247 | D:11     | Noticed a komodo dragon
  3307 | D:11     | Killed a komodo dragon
  3352 | D:11     | Found Awu Ymmo's Armour Shoppe.
  3563 | D:11     | Noticed a deep elf mage
  3569 | D:11     | Killed a deep elf mage
  3569 | D:11     | Reached XP level 10. HP: 51/69 MP: 12/24
  3611 | D:11     | Noticed a two-headed ogre
  3628 | D:11     | Killed a two-headed ogre
  3628 | D:11     | Reached skill level 12 in Earth Magic
  3800 | D:11     | Noticed a deep elf mage
  3806 | D:11     | Killed a deep elf mage
  3841 | D:11     | Reached skill level 13 in Earth Magic
  3913 | D:12     | Noticed a centaur warrior
  3916 | D:12     | Shot with an arrow by a centaur warrior

Vault maps used:
D:1:      dpeg_arrival_rhombi, minmay_splitting_lines
D:2:      nicolae_qazlal_style_of_elements, lemuel_blue_sif_altar, uniq_natasha,
          uniq_sigmund
D:3:      bloody_trog, nicolae_overflow_crystal_walls,
          chequers_ecumenical_altar_simple_redux, cheibrodos_ashenzari_chains
D:4:      minmay_temple_entry_poolview, first_bread
D:5:      overflow_temple_1_default, fedhas_altar_3
D:6:      nicolae_overflow_hidden_temple
D:8:      old_standard_altar, uniq_maurice
D:9:      minmay_ornate_pinched, xom_confusion_cloud, kennysheep_mini_moat,
          basic_altar, blue_anna_alchemist, kennysheep_generic_room_4
D:10:     lair_entry_dummy, basic_altar, minivault_23
D:11:     serial_shops, shop
D:12:     orc_0_dummy, grunt_ministairs_2, uniq_nergalle, uniq_psyche,
          uniq_sonja

Skill      XL: |  1  2  3  4  5  6  7  8  9 10 |
---------------+-------------------------------+-----
Earth Magic    | 3 4 5 6 7 8 10 11 13 | 13.0
Spellcasting   | 2 3 4 5 7 |  7.0
Dodging        | |  1.7
Stealth        | |  1.7
Transmutations | |  0.8

Action                   |  1- 3 |  4- 6 |  7- 9 | 10-12 || total
-------------------------+-------+-------+-------+-------++-------
Melee: Club              |    45 |       |       |       ||    45
       Mace              |       |    30 |       |       ||    30
       Morningstar       |       |     6 |    75 |       ||    81
       Quarterstaff      |       |       |    50 |    11 ||    61
 Cast: Sandblast         |    27 |    35 |    42 |     4 ||   108
       Lee's Rapid Decon |       |       |    17 |     8 ||    25
Evoke: Wand              |       |     2 |     3 |     4 ||     9
  Use: Scroll            |       |     1 |     9 |       ||    10
       Potion            |       |       |     2 |       ||     2
 Stab: Sleeping          |     1 |       |       |       ||     1
       Distracted        |       |     1 |       |       ||     1
  Eat: Chunk             |       |     2 |    10 |     3 ||    15
       Fruit             |       |       |     2 |       ||     2
Armor: Robe              |    14 |     3 |       |       ||    17
       Ring mail         |       |     5 |   105 |     9 ||   119
Dodge: Dodged            |    68 |    37 |   107 |     7 ||   219
